 Dungeon Crawl Stone Soup version 0.30-a0-879-ga8ba668304 (webtiles) character file.

Game seed: 9822528696227328748

2860 bande the Cleaver (level 9, -10/55 HPs)
             Began as a Gargoyle Fighter on Mar 13, 2023.
             Killed from afar by a deep elf pyromancer (33 damage)
             ... with a bolt of fire
             ... in a bailey.
             The game lasted 00:12:54 (6646 turns).

bande the Cleaver (Gargoyle Fighter)                Turns: 6646, Time: 00:12:55

Health: -10/55     AC: 31    Str: 25    XL:     9   Next: 75%
Magic:  9/9        EV:  8    Int: 13    God:
Gold:   369        SH:  9    Dex: 13    Spells: 8/8 levels left

rFire   . . .      SeeInvis .    a - +1 war axe
rCold   . . .      Faith    .    q - +0 kite shield
rNeg    + . .      Spirit   .    c - +4 crystal plate armour "Toinken" {Str+5 Int+4}
rPois   ∞          Reflect  .    (no helmet)
rElec   +          Rampage  .    s - +0 cloak of Courage {rElec Will+}
rCorr   .                        (no gloves)
Will    +....                    r - +0 pair of boots Stlth
                                 (no amulet)
HPRegen 0.29/turn                h - +5 ring of evasion
MPRegen 0.11/turn                m - +4 ring of slaying

@: no status effects
A: sickness immunity, AC +6, negative energy resistance 1, electricity
resistance, torment resistance 1, petrification resistance
a: no special abilities


You were in a bailey.
You visited 2 branches of the dungeon, and saw 8 of its levels.
You also visited: Bailey.

You collected 369 gold pieces.

Inventory:

Hand Weapons
 a - a +1 war axe (weapon)
 y - a +5 flail of venom
Armour
 c - the +4 crystal plate armour "Toinken" (worn) {Str+5 Int+4}
   (You acquired it on level 2 of the Dungeon)

   Str:       It affects your strength (+5).
   Int:       It affects your intelligence (+4).
 k - a +1 cloak
 q - a +0 kite shield (worn)
 r - a +0 pair of boots (worn)
 s - the +0 cloak of Courage (worn) {rElec Will+}
   (You acquired it on level 3 of the Dungeon)

   rElec:     It insulates you from electricity.
   Will:      It increases your willpower.
Jewellery
 e - a ring of protection from cold
 h - a +5 ring of evasion (left hand)
 j - an amulet of magic regeneration
 m - a +4 ring of slaying (right hand)
 o - a ring of protection from cold
Wands
 f - a wand of iceblast (18)
Scrolls
 i - a scroll of magic mapping
 n - a scroll of amnesia
 p - a scroll of blinking
 u - 3 scrolls of teleportation
 z - a scroll of enchant weapon
Potions
 b - a potion of berserk rage
 d - a potion of might
 g - 2 potions of brilliance
 l - 4 potions of curing
 t - a potion of haste
 v - a potion of cancellation {unknown}
 x - a potion of degeneration {unknown}
 A - a potion of flight {unknown}
 C - a potion of resistance {unknown}


   Skills:
 + Level 6.2 Fighting
 + Level 8.3 Axes
 + Level 6.5 Armour
 + Level 6.2 Shields
 * Level 4.0 Evocations


You had 8 spell levels left.
You didn't know any spells.
Your spell library contained the following spells:

 Spells                   Type           Power      Damage    Failure   Level
 Foxfire                  Conj/Fire      0%         2x1d4     100%        1
 Freeze                   Ice            0%         1d3       100%        1
 Necrotise                Necr           0%         1d4       100%        1
 Sandblast                Erth           0%         2d4       100%        1
 Summon Small Mammal      Summ           0%         N/A       100%        1
 Lesser Beckoning         Tloc           0%         N/A       100%        2
 Passwall                 Tmut/Erth      0%         N/A       100%        2
 Call Canine Familiar     Summ           0%         N/A       100%        3
 Frozen Ramparts          Ice            0%         1d1       100%        3
 Gell's Gravitas          Tloc           0%         N/A       100%        3
 Hailstorm                Conj/Ice       0%         3d3       100%        3
 Stone Arrow              Conj/Erth      0%         3d7       100%        3
 Summon Guardian Golem    Hex/Summ       0%         N/A       100%        3
 Teleport Other           Tloc           0%         N/A       100%        3
 Vampiric Draining        Necr           0%         2d6       100%        3
 Vhi's Electric Charge    Tloc/Air       0%         N/A       100%        3
 Agony                    Necr           0%         N/A       100%        5
 Arcjolt                  Conj/Air       0%         1d10      100%        5
 Fireball                 Conj/Fire      0%         3d3       100%        5
 Starburst                Conj/Fire      0%         6d3       100%        6
 Borgnjor's Revivificati  Necr           0%         N/A       100%        8
 Maxwell's Capacitive Co  Air            0%         ∞         100%        8
 Necromutation            Tmut/Necr      0%         N/A       100%        8
 Death's Door             Necr           0%         N/A       100%        9


Dungeon Overview and Level Annotations

Branches:
Dungeon (7/15)             Temple (1/1) D:4          Bailey (1/1)

Altars:
Ashenzari
Cheibriados
Dithmenos
Elyvilon
Fedhas
Gozag
Hepliaklqana
Makhleb
Nemelex Xobeh
Okawaru
Qazlal
Ru
Sif Muna
Trog
Uskayaw
Vehumet
Xom
Yredelemnul

Shops:
D:7 =


Innate Abilities, Weirdness & Mutations

You are immune to sickness and miasma.
Your stone body is resilient. (AC +6)
You are immune to poison.
You resist negative energy. (rN+)
You are resistant to electric shocks. (rElec)
You are resistant to unholy torment.
You are immune to petrification.


Message History

You start waiting.
Done waiting.
Things that are here:
a +0 halberd; a +0 plate armour; an orc corpse
Found seven items.
You now have 354 gold pieces (gained 15).
Things that are here:
a +0 halberd; a +0 plate armour; an orc corpse
Found 15 gold pieces.
You now have 369 gold pieces (gained 15).
As you open the large door, it creaks loudly!
The deep elf pyromancer drinks a potion.
The deep elf pyromancer's spells are empowered!
The deep elf pyromancer gestures at you while chanting.
The sticky flame hits you but does no damage.
You are covered in liquid flames!
There is a large open translucent door here.
You closely miss the deep elf pyromancer.
You are covered in liquid flames!
The deep elf pyromancer gestures wildly while chanting.
You barely miss the deep elf pyromancer.
You hit the fire elemental.
You are covered in liquid flames!
You are no longer on fire.
The deep elf pyromancer hits you with a +0 short sword of protection.
The fire elemental hits you. The fire elemental burns you!
You closely miss the deep elf pyromancer.
You barely miss the fire elemental. The fire elemental hits you.
The fire elemental burns you!
You block the deep elf pyromancer's attack.
You block the fire elemental's attack.
The deep elf pyromancer hits you but does no damage.
You hit the deep elf pyromancer.
The deep elf pyromancer is lightly wounded.
You slash the fire elemental! The fire elemental hits you.
The fire elemental burns you!
The deep elf pyromancer points at you and mumbles some strange words.
The bolt of fire hits you!!
Ouch! That really hurt!
You die...

#### ####..♣≈≈
#..##########..#..♣≈≈
#..............#...≈≈
##............##.♣.≈≈
#..########..#....≈≈
#.8##...?##8.#...###
#..#....$[#..#......
#.E'..##[!#..).)....
#..@e.##:[#..')).)).
#..#......#..#..)...
#.8##....##8.#...###
#..########..#....≈
##............##...≈≈
#...........)..#...≈≈
#..##########..#..≈≈≈
#### ####..≈≈≈


You could see a deep elf pyromancer (empowered) and a fire elemental (summoned).

Vanquished Creatures
  An orc knight (Bailey)
  The ghost of CowFu the Shield-Bearer, a novice GnFi (D:5)
  Grinder (D:3)
  Edmund (D:4)
  8 orc warriors
  A black bear (D:5)
  6 scorpions
  A howler monkey (D:5)
  2 jellies
  2 orc priests (D:3)
  3 hounds
  Ijyb (D:3)
  2 sleepcaps
  Terence (D:2)
  2 iguanas
  An orc wizard (D:7)
  4 gnolls
  4 adders
  3 ufetubi
  A worm (D:2)
  5 dart slugs
  22 orcs
  6 endoplasms
  2 giant cockroaches
  21 goblins
  11 hobgoblins
  4 quokkas
  4 ball pythons
  6 bats
  4 frilled lizards
  9 kobolds
  8 rats
148 creatures vanquished.

Notes
Turn   | Place    | Note
-------+----------+-------------------------------------------
     0 | D:1      | bande the Gargoyle Fighter began the quest for the Orb.
     0 | D:1      | Reached XP level 1. HP: 14/14 MP: 1/1
    48 | D:1      | Reached skill level 2 in Axes
    48 | D:1      | Reached XP level 2. HP: 7/20 MP: 2/2
   408 | D:1      | Reached XP level 3. HP: 24/24 MP: 3/3
   708 | D:2      | Noticed a scorpion
   711 | D:2      | Killed a scorpion
   712 | D:2      | Reached skill level 3 in Axes
   712 | D:2      | Reached XP level 4. HP: 27/29 MP: 4/4
   874 | D:2      | Found a sacrificial altar of Ru.
  1042 | D:2      | Found a faded altar of an unknown god.
  1357 | D:2      | Identified a scroll of acquirement
  1357 | D:2      | Acquired the +4 crystal plate armour "Toinken" {Str+5
                  | Int+4}
  1457 | D:2      | Reached XP level 5. HP: 33/33 MP: 5/5
  1474 | D:2      | Noticed Terence
  1481 | D:2      | Killed Terence
  1827 | D:3      | Noticed Ijyb
  1836 | D:3      | Reached skill level 4 in Axes
  1836 | D:3      | Reached XP level 6. HP: 30/38 MP: 6/6
  1845 | D:3      | Killed Ijyb
  2260 | D:3      | Noticed Grinder
  2262 | D:3      | Paralysed by Grinder for 4 turns
  2300 | D:3      | Paralysed by Grinder for 2 turns
  2302 | D:3      | Killed Grinder
  2303 | D:3      | Reached XP level 7. HP: 17/44 MP: 7/7
  2494 | D:3      | Acquired the +0 cloak of Courage {rElec Will+}
  2683 | D:4      | Found a broken altar of Ashenzari.
  2720 | D:4      | Found a bloodstained altar of Trog.
  2729 | D:4      | Reached skill level 5 in Axes
  2918 | D:4      | Found a white marble altar of Elyvilon.
  2961 | D:4      | Reached skill level 5 in Armour
  3006 | D:4      | Found a shadowy altar of Dithmenos.
  3017 | D:4      | Found a staircase to the Ecumenical Temple.
  3039 | Temple   | Entered the Ecumenical Temple
  3174 | D:4      | Found a stormy altar of Qazlal.
  3235 | D:4      | Noticed Edmund
  3244 | D:4      | Killed Edmund
  3376 | D:4      | Reached skill level 1 in Evocations
  3514 | D:5      | Entered Level 5 of the Dungeon
  3551 | D:5      | Reached skill level 5 in Fighting
  3562 | D:5      | Reached XP level 8. HP: 49/49 MP: 8/8
  3748 | D:5      | Reached skill level 6 in Axes
  3973 | D:5      | Found a large runed translucent door.
  3974 | D:5      | Found a large runed translucent door.
  3977 | D:5      | Noticed CowFu's ghost (novice GnFi)
  4082 | D:5      | Found a basalt altar of Yredelemnul.
  4186 | D:5      | Reached skill level 5 in Shields
  4576 | D:5      | Killed CowFu's ghost
  4805 | D:6      | Reached skill level 7 in Axes
  5160 | D:6      | Found a hazy altar of Hepliaklqana.
  5160 | D:6      | Found a snail-covered altar of Cheibriados.
  5172 | D:6      | Reached XP level 9. HP: 35/54 MP: 9/9
  5968 | D:7      | Found Pabrir Deakk's Jewellery Emporium.
  5994 | D:7      | Found a flagged portal.
  6011 | Bailey   | Entered a bailey
  6271 | Bailey   | Noticed an orc knight
  6284 | Bailey   | Killed an orc knight
  6285 | Bailey   | Reached skill level 8 in Axes
  6458 | Bailey   | Found a large runed translucent door.
  6458 | Bailey   | Found a large runed translucent door.
  6459 | Bailey   | Noticed a deep elf pyromancer
  6583 | Bailey   | Found the +0 pair of fencer's gloves {Riposte Dex+3}
  6646 | Bailey   | Killed from afar by a deep elf pyromancer

Illustrated notes

Levels and vault maps discovered:
D:1:      mrwooster_arrival_statue, layout_rooms
D:2:      layout_loops_corners, hellmonk_ecumenical_altar_crossroads,
          basic_altar, uniq_terence
D:3:      layout_rooms, uniq_grinder, uniq_ijyb
D:4:      layout_cave_pools, mainiacjoe_overflow_catwalk,
          mainiacjoe_overflow_chevrons, mainiacjoe_overflow_alcove_4,
          trog_antimagical, mainiacjoe_overflow_six_doors_small,
          minmay_temple_entry_wispy, uniq_edmund
D:5:      layout_layer_cave, yredelemnul_altar_generic,
          ebering_ghost_disaster_area
D:6:      layout_layer_cave, grunt_temple_overflow_open, eino_tiny_chamber,
          minmay_misc_feat_columns
D:7:      layout_layer_cave, serial_shops, shop, enter_bailey_4,
          kennysheep_decorative_pillar
Temple:   nicolae_temple_godzebo
Bailey:   bailey_polearm_elven_captive_hellmonk, bailey

Skill      XL: |  1  2  3  4  5  6  7  8  9 |
---------------+----------------------------+-----
Axes           | 2 3 4 5 7 8 |  8.3
Armour         | 4 5 6 |  6.5
Fighting       | 4 5 6 |  6.2
Shields        | 4 5 6 |  6.2
Evocations     | 1 2 4 |  4.0

Action                     |  1- 3 |  4- 6 |  7- 9 || total
---------------------------+-------+-------+-------++-------
  Melee: War axe           |    79 |   116 |   240 ||   435
    Use: Scroll            |     4 |     8 |     7 ||    19
         Potion            |       |     1 |     2 ||     3
 Armour: Scale mail        |    64 |    15 |       ||    79
         Crystal plate arm |       |    88 |   153 ||   241
  Dodge: Dodged            |    44 |    30 |    62 ||   136
  Block: Buckler           |    21 |     6 |       ||    27
         Kite shield       |       |    44 |   136 ||   180

Table legend: (Time is in decaauts)
 A = Elapsed time spent in this place.
 B = Non-inter-level travel time spent in this place.
 C = Inter-level travel time spent in this place.
 D = Time resting spent in this place.
 E = Time spent auto-exploring this place.
 F = Levels seen in this place.
 G = Mean time per level.
                   A        B        C        D        E       F      G
               +--------+--------+--------+--------+--------+-----+--------+
         Total |   6809 |   6696 |    113 |   1369 |   3742 |   9 |  756.6 |
       Dungeon |   6079 |   5966 |    113 |   1028 |   3669 |   7 |  868.4 |
        Temple |     75 |     75 |      0 |      0 |     24 |   1 |   75.0 |
        Bailey |    653 |    653 |      0 |    341 |     49 |   1 |  653.0 |
               +--------+--------+--------+--------+--------+-----+--------+

Top non-repeatable levels by time:
     D:5: 1305 daAuts
     D:6: 1132 daAuts
     D:2: 1112 daAuts
     D:3: 916 daAuts
     D:4: 778 daAuts
     D:1: 738 daAuts
  Bailey: 653 daAuts
     D:7: 95 daAuts
  Temple: 75 daAuts
